 Dungeon Crawl Stone Soup version 0.29-a0-243-g602b31c20e (webtiles) character file.

Game seed: 8918668083423733508

91 Ajdolov the Insei (level 4, -2/30 HPs)
             Began as an Octopode Transmuter on Mar 4, 2022.
             Slain by a sky beast (6 damage)
             ... on level 4 of the Dungeon.
             The game lasted 00:03:54 (3646 turns).

Ajdolov the Insei (Octopode Transmuter)             Turns: 3646, Time: 00:03:54

Health: -2/30      AC:  1    Str:  9    XL:     4   Next: 59%
Magic:  6/7        EV: 13    Int: 17    God:
Gold:   152        SH:  0    Dex: 12    Spells: 3/7 levels left

rFire   . . .      SeeInvis .     - Unarmed
rCold   . . .      Faith    .   (no shield)
rNeg    . . .      Spirit   .   (helmet restricted)
rPois   .          Reflect  .   (no amulet)
rElec   .          Harm     .   (no ring)
rCorr   .          Rampage  .   (no ring)
Will    .....                   (no ring)
Stlth   ++........              (no ring)
HPRegen 0.10/turn               (no ring)
MPRegen 0.10/turn               (no ring)
                                (no ring)
                                (no ring)

@: no status effects
A: almost no armour, amphibious, 8 rings, camouflage 1, gelatinous body 1,
(nimble swimmer 1), tentacles
a: no special abilities


You were on level 4 of the Dungeon.
You visited 1 branch of the dungeon, and saw 4 of its levels.

You collected 152 gold pieces.

Inventory:

Jewellery
 g - an amulet of guardian spirit
Wands
 m - a wand of polymorph (4)
Scrolls
 b - a scroll of enchant weapon {unknown}
 c - 4 scrolls of magic mapping {unknown}
 f - a scroll of noise {unknown}
 h - 2 scrolls of identify {unknown}
 i - 2 scrolls of fear {unknown}
 j - a scroll of vulnerability {unknown}
 k - a scroll of blinking {unknown}
Potions
 a - 3 potions of mutation {unknown}
 d - a potion of curing {unknown}
 e - a potion of lignification {unknown}
 l - 2 potions of cancellation {unknown}
 n - a potion of heal wounds {unknown}


   Skills:
 + Level 2.4 Fighting
 - Level 2.0 Dodging
 * Level 4.6 Unarmed Combat
 - Level 2.0 Spellcasting
 - Level 2.0 Transmutations


You had 3 spell levels left.
You knew the following spells:

 Your Spells              Type           Power      Damage    Failure   Level
a - Beastly Appendage     Tmut           16%        N/A       9%          1
b - Spider Form           Tmut/Pois      5%         N/A       36%         3

Your spell library contained the following spells:

 Spells                   Type           Power      Damage    Failure   Level
 Wereblood                Tmut           8%         N/A       13%         2
 Dazzling Flash           Conj/Hex       2%         N/A       50%         3
 Ice Form                 Ice/Tmut       5%         N/A       77%         4
 Iskenderun's Mystic Bla  Conj/Tloc      1%         2d3       88%         4
 Starburst                Conj/Fire      0%         6d3       100%        6


Dungeon Overview and Level Annotations

Branches:
Dungeon (4/15)
 Temple: D:4-7

Altars:

Annotations:
D:4 Dowan, Duvessa


Innate Abilities, Weirdness & Mutations

You cannot wear most types of armour.
You are amphibious.
You can wear up to eight rings at the same time.
Your skin changes colour to match your surroundings (Stealth+).
Your rubbery body absorbs attacks. (AC +1, EV +1)
((You are camouflaged when in or above water. (Stealth+)))
You have tentacles for arms and can constrict up to eight enemies at once.


Message History

No target in view!
You start resting.
HP restored.
You open the door.
The kobold shouts!
The water moccasin disappears!
The sky beast disappears!
The kobold disappears!
The black bear disappears!
There is an open door here.
A dart slug comes into view.
The dart slug moves out of view.
The goblin disappears!
The dart slug disappears!
There is an open door here.
Things that are here:
a +0 dagger; a goblin corpse
There is a stone staircase leading up here.
A sky beast comes into view.
Casting: Spider Form (extremely dangerous; 36% risk of failure)
Press: ? - help, Q - select action, (/) - cycle Dir - look around, f - activate You turn into a venomous arachnid creature.
Your transformation is almost over.
Found a stone staircase leading up.
The sky beast hits you. The sky beast shocks you.
You hit the sky beast.
The sky beast is poisoned.
The sky beast is moderately wounded.
The sky beast flickers out of sight!
Deactivating autopickup; reactivate with Ctrl-A.
Something hits you. Something shocks you.
You hit something. Something hits you. Something shocks you.
You hit something.
Your transformation has ended.
Something hits you. Something shocks you.
* * * LOW HITPOINT WARNING * * *
You tentacle-slap something but do no damage.
You tentacle-slap something. Your squeeze misses something.
Something barely misses you. Something hits you.
* * * LOW HITPOINT WARNING * * *
Something shocks you.
You die...

#..#. #....
#.#.#
###.#.####
+........# #
#....##.##.#
#..........#
##....#.#######
#..<##...{@..#
#..#########.#
#.# #.# #. #.#
## .. #.#
.####... #.#
....# #.# ###.#
#.# ^.#.# #.#


There were no monsters in sight!

Vanquished Creatures
  An iguana (D:3)
  2 adders
  3 dart slugs
  5 ball pythons
  4 bats (D:1)
  4 endoplasms
  2 hobgoblins (D:1)
  2 quokkas
  3 frilled lizards
  4 goblins
  3 kobolds
  10 rats (D:2)
43 creatures vanquished.

Vanquished Creatures (others)
  4 plants (D:3)
4 creatures vanquished.

Grand Total: 47 creatures vanquished

Notes
Turn   | Place    | Note
-------+----------+-------------------------------------------
     0 | D:1      | Ajdolov the Octopode Transmuter began the quest for the
                  | Orb.
     0 | D:1      | Reached XP level 1. HP: 13/13 MP: 3/3
   634 | D:1      | Reached XP level 2. HP: 12/18 MP: 5/5
  1012 | D:1      | Found a faded altar of an unknown god.
  1632 | D:2      | Reached XP level 3. HP: 19/24 MP: 6/6
  1636 | D:2      | Learned a level 3 spell: Spider Form
  2038 | D:2      | Reached skill level 4 in Unarmed Combat
  2461 | D:3      | Reached XP level 4. HP: 29/29 MP: 4/7
  3471 | D:4      | Noticed Dowan
  3471 | D:4      | Noticed Duvessa
  3566 | D:4      | Noticed a water moccasin
  3567 | D:4      | Noticed a black bear
  3619 | D:4      | Noticed a sky beast
  3646 | D:4      | Slain by a sky beast

Illustrated notes

Levels and vault maps discovered:
D:1:      minmay_arrival_glassed_features, layout_loops_corners,
          dreamdust_ecumenical_altar_hidden_monk_grotto
D:2:      layout_basic, kennysheep_cluttered_room, minmay_rat_gold_closets
D:3:      layout_loops_corners, serial_bayou, serial_bayou_lake_a,
          serial_bayou_shore_a, serial_bayou_pond_e, serial_bayou_pond_d
D:4:      minmay_octagon_keep, layout_loops_cross,
          nicolae_overflow_hallway_of_the_gods, gammafunk_ghost_split,
          grunt_tough_drop, uniq_eustachio, uniq_duvessa

Skill      XL: |  1  2  3 |
---------------+----------+-----
Unarmed Combat | 4 |  4.6
Fighting       | 2 |  2.4
Dodging        | |  2.0
Spellcasting   | |  2.0
Transmutations | |  2.0

Action                   |  1- 3 |  4- 6 || total
-------------------------+-------+-------++-------
Melee: Unarmed           |    88 |    35 ||   123
       Tentacles         |    13 |     3 ||    16
       Constrict         |    19 |     9 ||    28
       Punch             |     1 |     2 ||     3
 Cast: Beastly Appendage |     2 |       ||     2
       Spider Form       |     1 |     1 ||     2
 Stab: Sleeping          |    15 |     2 ||    17
Armor: Skin              |     8 |     1 ||     9
Dodge: Dodged            |    39 |    13 ||    52

Table legend: (Time is in decaauts)
 A = Elapsed time spent in this place.
 B = Non-inter-level travel time spent in this place.
 C = Inter-level travel time spent in this place.
 D = Time resting spent in this place.
 E = Time spent auto-exploring this place.
 F = Levels seen in this place.
 G = Mean time per level.
                   A        B        C        D        E       F      G
               +--------+--------+--------+--------+--------+-----+--------+
         Total |   3636 |   3594 |     42 |    442 |   2730 |   4 |  909.0 |
       Dungeon |   3636 |   3594 |     42 |    442 |   2730 |   4 |  909.0 |
               +--------+--------+--------+--------+--------+-----+--------+

Top non-repeatable levels by time:
     D:1: 1391 daAuts
     D:3: 1110 daAuts
     D:2: 945 daAuts
     D:4: 189 daAuts
